 Dungeon Crawl Stone Soup version 0.31.0-32-g396128a36d (webtiles) character file.

Game seed: 10704980385677327742

26879 Dobkin the Pandemonic (level 13, -1/110 HPs)
             Began as an Octopode Shapeshifter on Mar 10, 2024.
             Was a High Priest of Makhleb.
             Slain by a boulder beetle (9 damage)
             ... on level 1 of the Lair of Beasts.
             The game lasted 00:24:03 (15994 turns).

Dobkin the Pandemonic (Octopode Shapeshifter)      Turns: 15994, Time: 00:24:04

Health: -1/110     AC: 13    Str: 26    XL:     13   Next: 28%
Magic:  20/20      EV: 13    Int: 16    God:    Makhleb [*****.]
Gold:   614        SH:  0    Dex: 11    Spells: 12/12 levels left

rFire   . .          .
                       - Unarmed
rCold   . . .        (shield currently unavailable)
rNeg    . . .        t - melded +2 hat
rPois   +            (no amulet)
rElec   .            S - +6 ring of strength
rCorr   .            v - ring of see invisible
SInv    +            T - +4 ring of protection
Will    .....        (no ring)
Stlth   +++          (no ring)
HPRegen 0.38/turn    (no ring)
MPRegen 0.17/turn    (no ring)
                     (no ring)

%: no passive effects
@: snake-form, marked
A: constrict, boosted hp, almost no armour, amphibious, 8 rings, large,
(camouflage 1), (gelatinous body 1), (nimble swimmer 1), (tentacles)
a: Begin Untransformation, Renounce Religion, Minor Destruction, Lesser Servant
of Makhleb, Major Destruction, Greater Servant of Makhleb


You were on level 1 of the Lair of Beasts.
You worshipped Makhleb.
Makhleb was extremely pleased with you.
You were an enormous serpent.
You visited 2 branches of the dungeon, and saw 14 of its levels.

You collected 746 gold pieces.
You spent 132 gold pieces at shops.


Innate Abilities, Weirdness & Mutations

You are an enormous serpent.
You have a powerful constriction melee attack.
Your maximum health is increased.
Your armour is entirely melded.
You are incapable of wielding weapons or throwing items.
You cannot wear most types of armour.
You are amphibious.
You can wear up to eight rings at the same time.
((Your skin changes colour to match your surroundings (Stealth+).))
((Your rubbery body absorbs attacks. (AC +1, EV +1)))
((You are camouflaged when in or above water. (Stealth+)))
((You have tentacles for arms and can constrict up to eight enemies at once.))


   Skills:
 + Level 10.2 Fighting
 - Level 10.0 Dodging
 - Level 5.0 Stealth
 + Level 10.2 Unarmed Combat
 + Level 10.3 Invocations
 + Level 10.2 Shapeshifting


You had 12 spell levels left.
You didn't know any spells.
Your spell library contained the following spells:

 Spells                   Type           Power      Damage    Failure   Level
 Sandblast                Erth           0%         2d4       26%         1
 Summon Small Mammal      Summ           0%         N/A       26%         1
 Ensorcelled Hibernation  Hex/Ice        0%         N/A       36%         2
 Lesser Beckoning         Tloc           0%         N/A       36%         2
 Call Canine Familiar     Summ           0%         N/A       58%         3
 Gell's Gravitas          Tloc           0%         N/A       58%         3
 Passwall                 Erth           0%         N/A       58%         3
 Stone Arrow              Conj/Erth      0%         3d7       58%         3
 Swiftness                Air            0%         N/A       58%         3
 Teleport Other           Tloc           0%         N/A       58%         3
 Brom's Barrelling Bould  Conj/Erth      0%         2d3       94%         4
 Leda's Liquefaction      Alch/Erth      0%         N/A       94%         4
 Summon Blazeheart Golem  Fire/Summ      0%         N/A       94%         4
 Lee's Rapid Deconstruct  Erth           0%         3d4*      100%        5
 Bombard                  Conj/Erth      0%         9d1       100%        6
 Conjure Ball Lightning   Conj/Air       0%         3x3d6     100%        6
 Discord                  Hex            0%         N/A       100%        8
 Disjunction              Tloc           0%         N/A       100%        8

Inventory:

Hand Weapons
 q - the +6 sling "Edatal" {drain, Str+3 Int+4}
   (You found it on level 4 of the Dungeon)

   Str+3:     It affects your strength (+3).
   Int+4:     It affects your intelligence (+4).
Missiles
 e - 32 poisoned darts (quivered)
Armour
 t - a +2 hat (melded)
Magical Staves
 o - a staff of cold {!a}
Jewellery
 v - a ring of see invisible (right tentacle)
 S - a +6 ring of strength (left tentacle)
 T - a +4 ring of protection (on tentacle)
Talismans
 b - a beast talisman
 c - a flux talisman
 y - a serpent talisman (active)
 G - a blade talisman
Wands
 l - a wand of iceblast (11)
 E - a wand of mindburst (6)
 J - a wand of polymorph (4)
Scrolls
 f - 2 scrolls of torment {unknown}
 g - 2 scrolls of brand weapon {unknown}
 h - 5 scrolls of teleportation {@r2}
 i - 2 scrolls of enchant armour
 j - 5 scrolls of blinking {unknown}
 k - a scroll of fear
 m - 4 scrolls of revelation
 n - 2 scrolls of noise {unknown}
 u - a scroll of vulnerability
 z - 2 scrolls of immolation
 B - a scroll of enchant weapon
 H - 4 scrolls of amnesia {unknown}
 I - 2 scrolls of fog {unknown}
Potions
 a - 4 potions of lignification
 d - 2 potions of degeneration
 p - a potion of mutation
 r - a potion of magic
 s - 7 potions of curing {@q1}
 w - a potion of heal wounds {@q2}
 x - a potion of attraction
 A - a potion of cancellation
 C - 4 potions of enlightenment
 D - a potion of resistance
Miscellaneous
 F - a box of beasts

Dungeon Overview and Level Annotations

Branches:
Dungeon (12/15)            Temple (0/1) D:6            Lair (2/5) D:8
    Orc (0/2) D:9
  Swamp: Lair:2-3    Shoals: Lair:2-3     Snake: Lair:2-3    Spider: Lair:2-3

Altars:
Elyvilon
Gozag
Hepliaklqana
Kikubaaqudgha
Makhleb
Okawaru
Ru
Sif Muna
Trog
Uskayaw
Wu Jian
Xom
Yredelemnul
The Shining One
Lugonu

Shops:
D:1 !!:

Annotations:
D:3 1 runed translucent door, Crazy Yiuf
D:6 2 runed translucent doors, Deinotrainer's ghost, novice KoBr
D:7 1 runed translucent door, exclusion: downstairs, monsoonserge's ghost, novice GnSh
D:11 2 transporters

#.##..........................#..
...##...#.........#..#........#..
.[.##.............#...........#..
........#........................
....#...#.........#..#...........
.###....#.........+..##.##.#.##..
.####...#.........#..............
........##########...............
.............)..S................
...............B.h...............
.................................
##...............................
###............^.♣♣♣♣............
####.....#####.#♣♣♣.♣♣.......[...
.#.......# ###♣♣.....♣♣..#.###...
.........###.##♣.P...♣♣.......#..
..#......#.#..#♣P..P..♣.......#..


You could see a boulder beetle and a wolf.


Message History

A yak comes into view. x2
Unknown command.
The wolf attacks as it pursues you! The wolf closely misses you.
There is a stone staircase leading up here.
The wolf bites you but does no damage. The wolf barely misses you.
The wolf misses you.
You climb upwards.
There is a stone staircase leading down here.
Lash: -) Nothing wielded
Press: ? - help, Dir - move target, f - wolf
Aim: a wolf (about 43% to evade your tentacles)
Okay, then.
You hit the boulder beetle. You grab the boulder beetle.
The boulder beetle is moderately wounded.
You constrict the boulder beetle, but do no damage.
The wolf closely misses you. The boulder beetle bites you!!
* * * LOW HITPOINT WARNING * * *
Unknown command.
You lash the boulder beetle!
The boulder beetle is heavily wounded.
You constrict the boulder beetle. The wolf barely misses you.
The boulder beetle bites you!
* * * LOW HITPOINT WARNING * * *
The wolf bites you but does no damage.
Unknown command.
You lash the boulder beetle!
The boulder beetle is severely wounded.
You constrict the boulder beetle, but do no damage.
The wolf barely misses you. The boulder beetle bites you!
You die...

Skill      XL: |  1  2  3  4  5  6  7  8  9 10 11 12 13 |
---------------+----------------------------------------+-----
Fighting       | 2 3 4 6 8 9 10 | 10.2
Shapeshifting  | 4 6 7 10 | 10.2
Unarmed Combat | 4 6 8 9 10 | 10.2
Dodging        | 3 5 6 9 10 | 10.0
Stealth        | 1 5 |  5.0
Invocations    | 1 6 10 | 10.3

Action                     |  1- 3 |  4- 6 |  7- 9 | 10-12 | 13-15 || total
---------------------------+-------+-------+-------+-------+-------++-------
  Melee: Unarmed           |    56 |    46 |   267 |   475 |    86 ||   930
         Constrict         |    16 |    10 |    78 |   101 |    21 ||   226
         Tentacles         |    12 |     9 |    88 |    13 |       ||   122
         Punch             |       |     3 |     1 |       |       ||     4
 Invoke: Lesser Servant of |       |       |       |     1 |       ||     1
    Use: Potion            |       |     1 |     1 |     2 |       ||     4
         Scroll            |       |     1 |     4 |     7 |     2 ||    14
   Stab: Sleeping          |     1 |     2 |     4 |     4 |     2 ||    13
 Armour: Skin              |    24 |    25 |   124 |   330 |    66 ||   569
  Dodge: Dodged            |    32 |    21 |   256 |   234 |    62 ||   605
   Form: Flux              |       |       |     1 |       |       ||     1
         Serpent           |       |       |       |     1 |       ||     1

Levels and vault maps discovered:
D:1:      psy_arrival_basics, layout_basic, serial_shops, shop,
          nicolae_lakefront_shop, nicolae_shop_just_a_little_nook,
          nicolae_twisty_statue_hallways
D:2:      minmay_skewed_foursquare, layout_loops_corners, basic_altar,
          grunt_decor_fettered
D:3:      layout_rooms, minmay_statues_item, uniq_sigmund,
          uniq_crazy_yiuf_cottage
D:4:      layout_basic, xom_teletrap_fun, okawaru_altar_gauntlet_db, minitemple,
          minmay_misc_feat_encased, minmay_mini_ossuary, uniq_eustachio
D:5:      layout_basic
D:6:      layout_cave_pools, chequers_temple_overflow_statue_of_worship,
          temple_green, ebering_ghost_disaster_area, st_stairs_12
D:7:      layout_basic, marbit_many_paths, ebering_ghost_inner_flame,
          nicolae_houndstooth_variations
D:8:      layout_rooms, dpeg_lair_monsters, fountainhead, the_hattery,
          uniq_maurice, uniq_gastronok, uniq_maggie
D:9:      layout_roguey, jmf_multi_god_temple, orc_0_dummy
D:10:     layout_loops_ring, grunt_gozag_statues, uniq_joseph
D:11:     gammafunk_corrupted_shrine, layout_irregular_city,
          minmay_quadrilaterals
D:12:     layout_loops_ring
Lair:1:   layout_regular_city, serial_forest, infiniplex_forest_zigzag_1,
          infiniplex_forest_clump_diagonal, infiniplex_forest_lined_room_3,
          infiniplex_forest_lined_2, infiniplex_forest_end_2,
          chequers_serial_rivers_marsh
Lair:2:   layout_gridlike, minmay_swamp_entry_reptiles,
          eino_small_chamber_without_monster, uniq_amaemon, uniq_harold,
          uniq_nergalle

Notes
Turn   | Place    | Note
-------+----------+-------------------------------------------
     0 | D:1      | Dobkin the Octopode Shapeshifter began the quest for the
                  | Orb.
     0 | D:1      | Reached XP level 1. HP: 13/13 MP: 1/1
    38 | D:1      | You fall into a shaft and drop 1 floor!
    59 | D:2      | Reached skill level 2 in Fighting
    59 | D:2      | Reached XP level 2. HP: 18/19 MP: 2/2
   110 | D:2      | Found a glowing golden altar of the Shining One.
   347 | D:1      | Found Beitil's Distillery.
   509 | D:1      | Found Boleitom's Book Emporium.
   515 | D:1      | Reached skill level 3 in Fighting
   515 | D:1      | Reached XP level 3. HP: 14/26 MP: 3/3
  1023 | D:1      | Found Zuhed Feeqob's Distillery.
  1146 | D:2      | HP: 1/26 [gnoll/+0 flail (9)]
  2183 | D:3      | Reached XP level 4. HP: 30/33 MP: 4/4
  2254 | D:3      | Noticed Sigmund
  2421 | D:3      | Killed Sigmund
  2422 | D:3      | Reached skill level 4 in Fighting
  2422 | D:3      | Reached skill level 4 in Shapeshifting
  2422 | D:3      | Reached XP level 5. HP: 37/37 MP: 5/5
  2511 | D:3      | Reached XP level 6. HP: 43/43 MP: 6/6
  2524 | D:3      | Reached skill level 5 in Shapeshifting
  2529 | D:3      | HP: 3/43 [orc/+0 short sword (3)]
  2868 | D:3      | Found a runed translucent door.
  2869 | D:3      | Noticed Crazy Yiuf
  3333 | D:4      | Noticed Eustachio
  3341 | D:4      | Killed Eustachio
  3342 | D:4      | Reached skill level 6 in Shapeshifting
  3342 | D:4      | Reached XP level 7. HP: 48/48 MP: 7/7
  3525 | D:4      | Found a hazy altar of Hepliaklqana.
  3529 | D:4      | Found a hide-covered altar of Uskayaw.
  3530 | D:4      | Identified the +6 sling "Edatal" {drain, Str+3 Int+4}
  3537 | D:4      | Found a bloodstained altar of Trog.
  3573 | D:4      | Found a shimmering altar of Xom.
  3936 | D:4      | Found an iron altar of Okawaru.
  4111 | D:4      | Reached skill level 7 in Shapeshifting
  4475 | D:1      | Bought a potion of curing for 42 gold pieces
  4608 | D:5      | Entered Level 5 of the Dungeon
  4884 | D:5      | Reached skill level 4 in Unarmed Combat
  4884 | D:5      | Reached XP level 8. HP: 20/54 MP: 8/8
  4935 | D:5      | Reached skill level 5 in Fighting
  5057 | D:5      | Identified the +3 leather armour of Xom's Whim {Int+2}
  5406 | D:1      | Bought a potion of heal wounds for 50 gold pieces
  5406 | D:1      | Bought a potion of attraction for 30 gold pieces
  5406 | D:1      | Bought a potion of degeneration for 10 gold pieces
  5511 | D:6      | Found a burning altar of Makhleb.
  5511 | D:6      | Found an ancient bone altar of Kikubaaqudgha.
  5511 | D:6      | Found a shimmering blue altar of Sif Muna.
  5511 | D:6      | Found an ornate altar of the Wu Jian Council.
  5552 | D:6      | Became a worshipper of Makhleb the Destroyer
  5591 | D:6      | Found a large runed translucent door.
  5591 | D:6      | Found a large runed translucent door.
  5610 | D:6      | Reached skill level 5 in Unarmed Combat
  5614 | D:6      | Noticed Deinotrainer's ghost (novice KoBr)
  5651 | D:6      | Reached skill level 3 in Dodging
  6012 | D:6      | Reached skill level 6 in Fighting
  6012 | D:6      | Reached skill level 6 in Unarmed Combat
  6015 | D:6      | Reached XP level 9. HP: 12/62 MP: 9/9
  6209 | D:6      | Reached * piety under Makhleb
  6270 | D:6      | Reached skill level 4 in Dodging
  6582 | D:6      | Found a staircase to the Ecumenical Temple.
  6663 | D:7      | Found a runed translucent door.
  6663 | D:7      | Noticed a deep elf pyromancer
  6663 | D:7      | Noticed monsoonserge's ghost (novice GnSh)
  7668 | D:7      | Found a white marble altar of Elyvilon.
  7867 | D:8      | Noticed a two-headed ogre
  7899 | D:8      | Noticed Gastronok
  7916 | D:8      | Killed Gastronok
  7917 | D:8      | Reached skill level 8 in Fighting
  7917 | D:8      | Reached skill level 5 in Dodging
  7917 | D:8      | Reached skill level 8 in Unarmed Combat
  7917 | D:8      | Reached XP level 10. HP: 72/72 MP: 10/10
  7980 | D:8      | Killed a two-headed ogre
  7981 | D:8      | Reached skill level 8 in Shapeshifting
  7986 | D:8      | Reached ** piety under Makhleb
  8243 | D:8      | Noticed Maurice
  8251 | D:8      | Killed Maurice
  8252 | D:8      | Reached skill level 9 in Shapeshifting
  8409 | D:8      | Noticed Maggie
  8418 | D:8      | Noticed a death yak
  8419 | D:8      | Killed Maggie
  8430 | D:8      | Noticed a death yak
  8431 | D:8      | Noticed a death yak
  8746 | D:8      | Killed a death yak
  8747 | D:8      | Reached skill level 10 in Shapeshifting
  8882 | D:8      | Found a staircase to the Lair.
  9068 | D:8      | Reached skill level 9 in Fighting
  9465 | D:9      | Found a staircase to the Orcish Mines.
  9478 | D:9      | Reached skill level 1 in Stealth
  9478 | D:9      | Reached skill level 1 in Invocations
  9504 | D:9      | Reached XP level 11. HP: 80/80 MP: 10/12
  9512 | D:9      | Reached skill level 2 in Invocations
  9514 | D:9      | Reached skill level 2 in Stealth
  9659 | D:9      | Reached *** piety under Makhleb
  9797 | D:9      | Reached skill level 3 in Invocations
  9893 | D:9      | Reached skill level 3 in Stealth
  9929 | D:9      | Found a basalt altar of Yredelemnul.
  9929 | D:9      | Found a sacrificial altar of Ru.
 10137 | D:9      | Reached skill level 4 in Invocations
 10152 | D:9      | a shapeshifter changed into an entropy weaver
 10152 | D:9      | Noticed an entropy weaver (shapeshifter)
 10157 | D:9      | Killed an entropy weaver
 10158 | D:9      | Reached skill level 4 in Stealth
 10452 | D:10     | Entered Level 10 of the Dungeon
 10462 | D:10     | Reached skill level 6 in Dodging
 10476 | D:10     | Reached skill level 5 in Invocations
 10723 | D:10     | Found an opulent altar of Gozag.
 10753 | D:10     | Identified the +3 dagger "Binwaat" {elec, rElec rC+ Int-2
                  | Dex+7}
 10888 | D:10     | Reached **** piety under Makhleb
 10969 | D:10     | Reached skill level 5 in Stealth
 10982 | D:10     | Reached skill level 6 in Invocations
 11059 | D:10     | Noticed Joseph
 11064 | D:10     | Killed Joseph
 11219 | Lair:1   | Entered Level 1 of the Lair of Beasts
 11268 | D:8      | HP: 9/97 [elephant (8)]
 11270 | D:8      | Reached skill level 9 in Unarmed Combat
 11270 | D:8      | Reached XP level 12. HP: 10/87 MP: 16/16
 11841 | D:8      | Killed a death yak
 11842 | D:8      | Reached skill level 10 in Fighting
 11853 | D:8      | Killed a death yak
 11854 | D:8      | Reached skill level 7 in Invocations
 12479 | Lair:1   | Reached skill level 7 in Dodging
 12991 | D:11     | Identified a potion of resistance
 13286 | D:11     | Found a corrupted altar of Lugonu.
 13329 | D:11     | Reached skill level 8 in Invocations
 13392 | D:11     | Found a transporter.
 13394 | D:11     | Found a transporter.
 13732 | D:11     | Noticed a two-headed ogre
 13891 | D:11     | Killed a two-headed ogre
 14060 | D:12     | Noticed a two-headed ogre
 14069 | D:12     | Killed a two-headed ogre
 14070 | D:12     | Reached skill level 9 in Invocations
 14199 | D:12     | Noticed a two-headed ogre
 14207 | D:12     | Killed a two-headed ogre
 14341 | D:12     | Reached skill level 10 in Unarmed Combat
 14356 | D:12     | Reached skill level 8 in Dodging
 14938 | Lair:1   | Reached skill level 10 in Invocations
 15146 | Lair:1   | Reached skill level 9 in Dodging
 15151 | Lair:1   | Reached XP level 13. HP: 92/92 MP: 20/20
 15178 | Lair:1   | Reached skill level 10 in Dodging
 15942 | Lair:2   | Reached ***** piety under Makhleb
 15959 | Lair:2   | Noticed Harold
 15969 | Lair:2   | Killed Harold
 15993 | Lair:1   | HP: 8/110 [boulder beetle (15)]
 15994 | Lair:1   | Slain by a boulder beetle

Vanquished Creatures
  Gastronok (D:8)
  An entropy weaver (shapeshifter) (D:9)
  Harold (Lair:2)
  4 two-headed ogres
  3 death yaks (D:8)
  A skyshark (Lair:1)
  Maurice (D:8)
  3 manticores
  4 elephants
  Joseph (D:10)
  A gargoyle (D:12)
  A kobold demonologist (D:11)
  A torpor snail (Lair:1)
  A komodo dragon (Lair:1)
  Maggie (D:8)
  2 rime drakes (Lair:1)
  A troll (D:11)
  2 wyverns
  6 wraiths
  Sigmund (D:3)
  A vampire (D:10)
  A spriggan (D:8)
  A shadow (D:12)
  43 yaks
  Eustachio (D:4)
  8 vampire mosquitoes
  A steam dragon (D:8)
  An acid dragon (D:9)
  10 water moccasins
  2 ice beasts
  2 sky beasts
  6 orc warriors
  An ogre (D:7)
  A centaur (D:6)
  2 wolves (Lair:2)
  2 kobold brigands
  6 bullfrogs
  2 scorpions
  3 gnoll sergeants
  9 wights
  A killer bee (D:11)
  An electric eel (D:8)
  2 bombardier beetles (D:6)
  2 jellies
  7 orc priests
  A sleepcap (D:6)
  2 hounds
  6 iguanas
  A gnoll bouda (D:7)
  16 orc wizards
  A mummy (D:4)
  24 gnolls
  9 adders
  A white imp (D:5)
  4 ufetubi
  48 orcs
  4 ball pythons
  2 bats (D:2)
  3 endoplasms
  4 giant cockroaches
  7 goblins
  3 hobgoblins
  7 jackals
  A quokka (D:5)
  6 frilled lizards
  2 hobgoblin zombies (D:4)
  8 kobolds
  2 orc zombies (D:4)
  3 rats
318 creatures vanquished.

Vanquished Creatures (collateral kills)
  An elephant (Lair:1)
1 creature vanquished.

Grand Total: 319 creatures vanquished

Table legend: (Time is in decaauts)
 A = Elapsed time spent in this place.
 B = Non-inter-level travel time spent in this place.
 C = Inter-level travel time spent in this place.
 D = Time resting spent in this place.
 E = Time spent auto-exploring this place.
 F = Levels seen in this place.
 G = Mean time per level.
                   A        B        C        D        E       F      G
               +--------+--------+--------+--------+--------+-----+--------+
         Total |  15918 |  14802 |   1116 |   2998 |   9684 |  14 | 1137.0 |
       Dungeon |  14785 |  13694 |   1091 |   2962 |   8907 |  12 | 1232.1 |
          Lair |   1133 |   1108 |     25 |     36 |    777 |   2 |  566.5 |
               +--------+--------+--------+--------+--------+-----+--------+

Top non-repeatable levels by time:
     D:8: 2528 daAuts
     D:7: 1716 daAuts
     D:2: 1375 daAuts
     D:4: 1174 daAuts
     D:3: 1170 daAuts
     D:6: 1142 daAuts
    D:11: 1130 daAuts
     D:9: 1126 daAuts
  Lair:1: 1079 daAuts
     D:1: 1030 daAuts
    D:12: 836 daAuts
    D:10: 801 daAuts
     D:5: 754 daAuts
  Lair:2: 53 daAuts

Table legend:
 A = Non-vault XP
 B = Vault XP
 C = Vault XP percentage of total XP
 D = Non-vault monster count
 E = Vault monster count
 F = Vault count percentage of total count
                 A         B        C        D         E       F
            +---------+---------+-------+---------+---------+-------
      Total |   29597 |    8802 |  22.9 |     281 |      38 |  11.9
            +---------+---------+-------+---------+---------+-------
        D:1 |      32 |       0 |   0.0 |      11 |       0 |   0.0
        D:2 |      32 |      17 |  34.7 |      12 |       4 |  25.0
        D:3 |     142 |     214 |  60.1 |      17 |       1 |   5.6
        D:4 |     270 |     257 |  48.8 |      16 |      12 |  42.9
        D:5 |     440 |       0 |   0.0 |      21 |       0 |   0.0
        D:6 |    1130 |     146 |  11.4 |      22 |       2 |   8.3
        D:7 |     589 |     100 |  14.5 |      29 |       1 |   3.3
        D:8 |    2701 |    5353 |  66.5 |      30 |       9 |  23.1
        D:9 |    4761 |     338 |   6.6 |      36 |       2 |   5.3
       D:10 |    3280 |     460 |  12.3 |      16 |       1 |   5.9
       D:11 |    3307 |    1067 |  24.4 |      19 |       5 |  20.8
       D:12 |    4283 |       0 |   0.0 |      17 |       0 |   0.0
     Lair:1 |    8324 |       0 |   0.0 |      32 |       0 |   0.0
     Lair:2 |     306 |     850 |  73.5 |       3 |       1 |  25.0
            +---------+---------+-------+---------+---------+-------
